 Dungeon Crawl Stone Soup version 0.31-a0-536-ga3e2962e35 (webtiles) character file.

Game seed: 18052938061485616863

89 AIAndy the Ruffian (level 4, -1/28 HPs)
             Began as an Octopode Shapeshifter on Aug 13, 2023.
             Slain by a hound (5 damage)
             ... on level 3 of the Dungeon.
             The game lasted 00:06:07 (2004 turns).

AIAndy the Ruffian (Octopode Shapeshifter)          Turns: 2004, Time: 00:06:08

Health: -1/28      AC:  1    Str: 22    XL:     4   Next: 55%
Magic:  4/4        EV: 13    Int: 10    God:
Gold:   111        SH:  0    Dex: 12    Spells: 3/3 levels left

rFire   . .          .
                       - Unarmed
rCold   . . .        (no shield)
rNeg    . . .        (helmet currently unavailable)
rPois   .            (no amulet)
rElec   .            S - +6 ring of strength
rCorr   .            (no ring)
SInv    .            (no ring)
Will    .....        (no ring)
Stlth   ++           (no ring)
HPRegen 0.24/turn    (no ring)
MPRegen 0.09/turn    (no ring)
                     (no ring)

%: no passive effects
@: beast-form
A: beast (slay +2), almost no armour, amphibious, 8 rings, camouflage 1,
gelatinous body 1, (nimble swimmer 1), tentacles
a: Begin Untransformation


You were on level 3 of the Dungeon.
You were a hulking beast.
You visited 1 branch of the dungeon, and saw 4 of its levels.

You collected 111 gold pieces.


Innate Abilities, Weirdness & Mutations

You are a hulking beast.
Your limbs bulge with bestial killing power. (Slay +2)
You cannot wear most types of armour.
You are amphibious.
You can wear up to eight rings at the same time.
Your skin changes colour to match your surroundings (Stealth+).
Your rubbery body absorbs attacks. (AC +1, EV +1)
((You are camouflaged when in or above water. (Stealth+)))
You have tentacles for arms and can constrict up to eight enemies at once.


   Skills:
 - Level 1.0 Fighting
 - Level 2.0 Dodging
 + Level 4.2 Unarmed Combat
 + Level 3.9 Shapeshifting


You had 3 spell levels left.
You didn't know any spells.
Your spell library was empty.

Inventory:

Missiles
 j - 3 poisoned darts
Jewellery
 S - a +6 ring of strength (left tentacle)
Talismans
 b - a beast talisman (active)
 c - a flux talisman
Scrolls
 d - 2 scrolls of identify {@r1}
 e - a scroll of enchant armour
 k - a scroll of enchant weapon
 m - a scroll of amnesia
Potions
 a - a potion of lignification {!q}
 f - a potion of heal wounds {@q2}
 g - a potion of magic
 h - a potion of mutation {!q}
 i - a potion of haste {@q3}
 l - a potion of curing {@q1}

Dungeon Overview and Level Annotations

Branches:
Dungeon (4/15)
 Temple: D:4-7

Altars:
Ashenzari
Sif Muna

#............#.#.## #.....#######
#.†..........#...#####..#..###
#..........#......##...###...####
#....................### ##.....#
#.........###.....#### #.....#
#.........# ####.## #.....#
#.........# #.## #.....#
..........######..#########.....#
#####...........h...............#
# ###.#######..h...######.....#
## #..# #......# #.....#
.#####.########......# #.....#
....#..#.....##......# #.....#
#.#...#..............# #######
#............##......#
##...........##......#
#....#########......#


You could see a hound.


Message History

The ball python escapes!
The ball python loses its grip on you.
You barely miss the ball python. Your grab misses the ball python.
You squeeze the ball python.
You kill the ball python!
The ball python misses you. The ball python grabs you.
The ball python constricts you.
You tentacle-slap the ball python.
You kill the ball python!
You miss the hound. Your grab misses the hound. Your squeeze misses the hound.
The hound bites you. x2
You barely miss the hound. You grab the hound. You constrict the hound.
The hound pauses to sniff the ground.
The hound closely misses you.
You barely miss the hound.
The hound is lightly wounded.
You constrict the hound. The hound bites you. The iguana bites you!
* * * LOW HITPOINT WARNING * * *
The hound bites you.
* * * LOW HITPOINT WARNING * * *
You release your grip on the hound.
The hound closely misses you.
There is a stone staircase leading up here.
The hound closely misses you. The hound bites you.
* * * LOW HITPOINT WARNING * * *
You climb upwards.
There is a stone staircase leading down here.
You barely miss the hound. You grab the hound. Your squeeze misses the hound.
The hound is moderately wounded.
You constrict the hound. The hound bites you.
You die...

Skill      XL: |  1  2  3 |
---------------+----------+-----
Unarmed Combat | 4 |  4.2
Fighting       | |  1.0
Dodging        | |  2.0
Shapeshifting  | |  3.9

Action                     |  1- 3 |  4- 6 || total
---------------------------+-------+-------++-------
  Melee: Unarmed           |    73 |    29 ||   102
         Constrict         |    14 |     9 ||    23
         Tentacles         |    12 |     5 ||    17
         Punch             |     2 |     1 ||     3
    Use: Scroll            |     7 |     1 ||     8
   Stab: Sleeping          |     7 |     1 ||     8
 Armour: Skin              |     3 |     1 ||     4
  Dodge: Dodged            |    26 |    12 ||    38

Levels and vault maps discovered:
D:1:      lightli_arrival_statue_moat, layout_basic, minivault_24
D:2:      minmay_inner_zag, layout_rooms, dilly_ecumenical_altar_fadedgnrine,
          basic_altar
D:3:      layout_rooms, nicolae_sif_muna_condensation, uniq_robin
D:4:      layout_cave_pools, mainiacjoe_overflow_alcove_4, uniq_duvessa,
          uniq_ijyb, uniq_menkaure, uniq_edmund, uniq_eustachio

Notes
Turn   | Place    | Note
-------+----------+-------------------------------------------
     0 | D:1      | AIAndy the Octopode Shapeshifter began the quest for the
                  | Orb.
     0 | D:1      | Reached XP level 1. HP: 13/13 MP: 1/1
   276 | D:1      | Reached XP level 2. HP: 18/18 MP: 2/2
   784 | D:2      | Found a broken altar of Ashenzari.
   970 | D:2      | Reached XP level 3. HP: 19/23 MP: 3/3
  1383 | D:2      | Found a faded altar of an unknown god.
  1534 | D:3      | Found a shimmering blue altar of Sif Muna.
  1715 | D:3      | Noticed Robin
  1807 | D:3      | Killed Robin
  1808 | D:3      | Reached skill level 4 in Unarmed Combat
  1808 | D:3      | Reached XP level 4. HP: 28/28 MP: 4/4
  2004 | D:3      | Slain by a hound

Vanquished Creatures
  Robin (D:3)
  2 worms
  A dart slug (D:3)
  4 endoplasms
  4 giant cockroaches
  6 hobgoblins
  3 jackals (D:3)
  7 kobolds
  5 quokkas
  7 ball pythons
  4 bats
  3 frilled lizards
  10 goblins
  6 rats
63 creatures vanquished.

Table legend: (Time is in decaauts)
 A = Elapsed time spent in this place.
 B = Non-inter-level travel time spent in this place.
 C = Inter-level travel time spent in this place.
 D = Time resting spent in this place.
 E = Time spent auto-exploring this place.
 F = Levels seen in this place.
 G = Mean time per level.
                   A        B        C        D        E       F      G
               +--------+--------+--------+--------+--------+-----+--------+
         Total |   1996 |   1927 |     69 |      0 |   1532 |   4 |  499.0 |
       Dungeon |   1996 |   1927 |     69 |      0 |   1532 |   4 |  499.0 |
               +--------+--------+--------+--------+--------+-----+--------+

Top non-repeatable levels by time:
     D:2: 780 daAuts
     D:1: 754 daAuts
     D:3: 439 daAuts
     D:4: 22 daAuts

Table legend:
 A = Non-vault XP
 B = Vault XP
 C = Vault XP percentage of total XP
 D = Non-vault monster count
 E = Vault monster count
 F = Vault count percentage of total count
                 A         B        C        D         E       F
            +---------+---------+-------+---------+---------+-------
      Total |      77 |      51 |  39.8 |      44 |      19 |  30.2
            +---------+---------+-------+---------+---------+-------
        D:1 |      26 |       0 |   0.0 |      16 |       0 |   0.0
        D:2 |      19 |      12 |  38.7 |      13 |       6 |  31.6
        D:3 |      25 |      39 |  60.9 |      11 |      13 |  54.2
        D:4 |       7 |       0 |   0.0 |       4 |       0 |   0.0
            +---------+---------+-------+---------+---------+-------
